 Dungeon Crawl Stone Soup version 0.31.0-1-g2c135a0 (webtiles) character file.

Game seed: 4453034235947001008

182 jagoly the Chopper (level 5, -5/33 HPs)
             Began as a Gargoyle Monk on Jan 26, 2024.
             Was a Follower of the Shining One.
             Slain by a gnoll bouda
             ... wielding a +0 club
              (9 damage)
             ... on level 6 of the Dungeon.
             The game lasted 00:06:25 (685 turns).

jagoly the Chopper (Gargoyle Monk)                   Turns: 685, Time: 00:06:25

Health: -5/33      AC:  9    Str: 16    XL:     5   Next: 61%
Magic:  5/5        EV: 12    Int: 11    God:    the Shining One [*.....]
Gold:   52         SH:  6    Dex: 12    Spells: 4/4 levels left

rFire   . . .        a - +0 hand axe
rCold   . . .        d - orb {light}
rNeg    + . .        b - +0 robe
rPois   ∞            e - +2 helmet {SInv}
rElec   +            (no cloak)
rCorr   .            (no gloves)
SInv    +            (no boots)
Will    .....        (no amulet)
Stlth   +            (no ring)
HPRegen 0.25/turn    (no ring)
MPRegen 0.09/turn

%: no passive effects
@: divinely shielded, weakened, glowing
A: sickness immunity, AC +4, negative energy resistance 1, electricity
resistance, torment resistance 1, petrification resistance
a: Renounce Religion, Divine Shield


You were on level 6 of the Dungeon.
You worshipped the Shining One.
The Shining One was aware of your devotion.
You visited 2 branches of the dungeon, and saw 5 of its levels.

You collected 52 gold pieces.

Inventory:

Hand Weapons
 a - a +0 hand axe (weapon)
 m - a +0 spear
Missiles
 f - 9 stones (quivered)
 j - 2 poisoned darts
Armour
 b - a +0 robe (worn)
 d - an orb of light (worn)
 e - a +2 helmet of see invisible (worn)
Wands
 l - a wand of paralysis (5)
Scrolls
 h - a scroll of amnesia {unknown}
 k - a scroll of immolation {unknown}
Potions
 c - a potion of ambrosia
 g - a potion of brilliance {unknown}
 i - a potion of might {unknown}


   Skills:
 - Level 4.0 Fighting
 * Level 4.9 Axes
 - Level 2.4 Dodging
 - Level 2.0 Stealth


You had 4 spell levels left.
You didn't know any spells.
Your spell library contained the following spells:

 Spells                   Type           Power      Damage    Failure   Level
 Necrotise                Necr           0%         1d4       34%         1
 Searing Ray              Conj           0%         2d4       47%         2
 Martyr's Knell           Necr/Summ      0%         N/A       98%         4
 Conjure Ball Lightning   Conj/Air       0%         3x3d6     100%        6


Dungeon Overview and Level Annotations

Branches:
Dungeon (6/15) Zot: 23389  Temple (1/1) D:6 Zot: 5906

Altars:
Dithmenos
Fedhas
Okawaru
Trog
Uskayaw
Zin
The Shining One


Innate Abilities, Weirdness & Mutations

You are immune to sickness and miasma.
Your stone body is resilient. (AC +4)
You are immune to poison.
You resist negative energy. (rN+)
You are resistant to electric shocks. (rElec)
You are resistant to unholy torment.
You are immune to petrification.


Message History

You hit the adder.
The adder is almost dead.
You hit the kobold but do no damage. The adder closely misses you.
The kobold misses you. The adder closely misses you.
You hit the adder.
You kill the adder!
You barely miss the kobold. The kobold misses you.
You hit the kobold but do no damage.
The kobold is severely wounded.
The kobold hits you but does no damage.
You closely miss the kobold.
The kobold is severely wounded.
The kobold closely misses you.
You completely miss the kobold.
The kobold is severely wounded.
The kobold hits you but does no damage.
You hit the kobold but do no damage.
The kobold is severely wounded.
The kobold completely misses you. The kobold closely misses you.
You hit the kobold.
You kill the kobold!
Training target 4.0 for Fighting reached!
Your Fighting skill increases to level 4!
No target in view!
Things that are here:
a +0 short sword; a kobold corpse
Found 8 gold pieces.
You now have 52 gold pieces (gained 8).
An adder comes into view.
The adder hisses angrily.
You hit the adder.
The adder is moderately wounded.
The adder closely misses you. The adder bites you.
You hit the adder.
The adder is almost dead.
The adder misses you.
You hit the adder.
You kill the adder!
Training target 2.0 for Stealth reached!
Your Stealth skill increases to level 2!
You see here an adder corpse.
HP restored.
HP restored.
Found a short sword.
Found a stone staircase leading up.
A giant cockroach comes into view.
Found an escape hatch in the ceiling.
A kobold comes into view. It is wielding a +0 dagger.
The kobold throws a stone.
The stone barely misses you.
The helpless giant cockroach fails to defend itself.
You slash the giant cockroach!
You kill the giant cockroach!
The kobold throws a stone.
The stone hits you but does no damage.
You see here a giant cockroach corpse.
You hit the kobold but do no damage. The kobold closely misses you.
You hit the kobold.
You kill the kobold!
Found a stone staircase leading down.
f - 5 stones (gained 3)
You see here a +0 dagger.
There is a stone staircase leading down here.
You climb downwards.
Found a curved wooden wand.
There is a stone staircase leading up here.
A giant cockroach comes into view.
The giant cockroach bites you but does no damage.
The giant cockroach bites you.
You hit the giant cockroach but do no damage.
The giant cockroach misses you.
You barely miss the giant cockroach. The giant cockroach barely misses you.
You hit the giant cockroach.
The giant cockroach is heavily wounded.
The giant cockroach bites you but does no damage.
The ribbon worm expels a string of sticky webbing.
The stream of webbing hits you but does no damage.
You are caught in a web!
The giant cockroach bites you but does no damage.
The web tears apart.
The giant cockroach bites you but does no damage.
You hit the giant cockroach but do no damage.
The giant cockroach is moderately wounded.
You hit the ribbon worm.
The giant cockroach bites you but does no damage.
You hit the ribbon worm.
The ribbon worm is heavily wounded.
You hit the giant cockroach.
You kill the giant cockroach!
The ribbon worm bites you but does no damage.
You hit the ribbon worm.
The ribbon worm is heavily wounded.
The ribbon worm closely misses you.
You hit the ribbon worm but do no damage.
The ribbon worm is heavily wounded.
The ribbon worm bites you.
You hit the ribbon worm.
The ribbon worm is severely wounded.
The ribbon worm expels a string of sticky webbing.
The stream of webbing misses you.
You hit the ribbon worm.
The ribbon worm is almost dead.
The ribbon worm closely misses you.
You hit the ribbon worm.
The ribbon worm is almost dead.
The ribbon worm bites you.
You hit the ribbon worm.
The ribbon worm is almost dead.
The ribbon worm bites you.
You hit the ribbon worm but do no damage.
The ribbon worm is almost dead.
The ribbon worm bites you but does no damage.
You slash the ribbon worm!
You kill the ribbon worm!
No target in view!
l - a wand of paralysis (8)
You open the door.
A goblin comes into view. It is wielding a +0 club.
There is an open door here.
The goblin shouts!
You hear a shout!
A rat comes into view.
The rat squeaks loudly.
The rat moves out of view.
There is an open door here.
You hit the goblin.
The goblin is severely wounded.
The goblin misses you.
You hit the goblin.
You kill the goblin!
Your Axes skill increases to level 4!
You hit the rat but do no damage. The rat bites you but does no damage.
The gnoll hits you from afar with a +0 spear.
You hit the rat.
You kill the rat!
The gnoll hits you from afar with a +0 spear.
The gnoll hits you with a +0 spear.
You see here a +0 club.
You barely miss the gnoll. The gnoll barely misses you.
You hit the gnoll.
The gnoll is moderately wounded.
The gnoll hits you with a +0 spear.
You hit the gnoll.
The gnoll is heavily wounded.
The gnoll hits you but does no damage.
You hit the gnoll.
The gnoll is heavily wounded.
The gnoll completely misses you.
You barely miss the gnoll.
The gnoll is heavily wounded.
The gnoll hits you but does no damage.
You hit the gnoll.
The gnoll is severely wounded.
The gnoll misses you.
You hit the gnoll.
The gnoll is severely wounded.
The gnoll misses you.
You hit the gnoll.
The gnoll is almost dead.
The gnoll misses you. The gnoll barely misses you.
You hit the gnoll.
You kill the gnoll!
You hit the gnoll.
The gnoll is moderately wounded.
The gnoll hits you with a +0 flail!
* * * LOW HITPOINT WARNING * * *
You are too injured to fight recklessly!
Cleave: a) +0 hand axe
Press: ? - help, Dir - move target, f - gnoll
Aim: a gnoll, wielding a +0 flail (moderately wounded, haloed, about 17% to evade your +0 hand axe)
You hit the gnoll.
The gnoll is severely wounded.
The gnoll misses you.
Cleave: a) +0 hand axe
Press: ? - help, Dir - move target, f/p - gnoll
Aim: a gnoll, wielding a +0 flail (severely wounded, haloed, about 17% to evade your +0 hand axe)
You slash the gnoll!
You kill the gnoll!
Things that are here:
a +0 flail; a +0 spear
m - a +0 spear
There is an open door here.
A ball python comes into view.
The ball python hisses angrily.
You are too injured to fight recklessly!
You are too injured to fight recklessly!
You are too injured to fight recklessly!
You are too injured to fight recklessly!
You hit the ball python.
You kill the ball python!
You see here a ball python corpse.
Found 8 stones.
f - 13 stones (gained 8)
You open the door.
There is an open door here.
Found a puce potion.
A malevolent force fills the Dungeon...
You fall into a shaft and drop 3 floors!
The shaft crumbles and collapses.
Found a staircase to the Ecumenical Temple.
Found 15 gold pieces.
Found an escape hatch in the floor.
Found a stone staircase leading down.
A gnoll comes into view. It is wielding a +0 club.
The gnoll shouts!
You hear a shout! x2
A gnoll is nearby!
A gnoll bouda comes into view. It is wielding a +0 club.
The gnoll bouda shouts!
A gnoll comes into view. It is wielding a +0 club.
The gnoll bouda barks out a call to the hunt!
The gnolls pick up the pace!
A shadow imp comes into view.
The shadow imp shouts!
You hear a shout! x2
Found a scroll labelled WOTRYATEAR.
The gnoll attacks as it pursues you! The gnoll closely misses you.
The gnoll misses you.
You hit the gnoll.
The gnoll is moderately wounded.
The gnoll hits you with a +0 club.
The gnoll bouda gazes fiercely through you!
You feel your attacks grow feeble.
A jelly comes into view.
You hit the gnoll.
The gnoll is severely wounded.
The gnoll hits you with a +0 club.
A gnoll comes into view. It is wielding a +0 whip.
You hit the gnoll but do no damage.
The gnoll is severely wounded.
A gnoll comes into view. It is wielding a +0 whip.
The gnoll closely misses you.
A gnoll comes into view. It is wielding a +0 spear.
The gnoll shouts!
You hit the gnoll.
The gnoll is severely wounded.
The gnoll is no longer moving quickly.
The gnoll hits you with a +0 club.
The gnoll bouda barks out a call to the hunt!
The gnoll picks up the pace!
You completely miss the gnoll.
The gnoll is severely wounded.
The gnoll barely misses you.
The gnoll bouda gazes fiercely through you!
You feel as though you will be weak longer.
You hit the gnoll but do no damage.
The gnoll is severely wounded.
The gnoll is no longer moving quickly.
The gnoll barely misses you.
The jelly jiggles.
You hit the gnoll.
You kill the gnoll!
The gnoll is no longer moving quickly.
The gnoll bouda barks out a call to the hunt!
The gnolls pick up the pace!
You have reached level 5!
You hit the gnoll.
The gnoll is heavily wounded.
The gnoll is no longer moving quickly.
The gnoll bouda barks out a call to the hunt!
The gnoll picks up the pace!
The gnoll closely misses you.
There is a staircase to the Ecumenical Temple here.
The jelly closely misses you. The gnoll hits you with a +0 club.
You climb downwards.
Welcome to the Ecumenical Temple!
Found a staircase back to the Dungeon.
There is a staircase back to the Dungeon here.
You hit the jelly. The acid corrodes you!
Your hands burn!
* * * LOW HITPOINT WARNING * * *
The jelly is moderately wounded.
The jelly closely misses you. The jelly hits you but does no damage.
Cleave: a) +0 hand axe
Press: ? - help, Dir - move target, f - jelly
Aim: a jelly (moderately wounded, haloed, about 3% to evade your +0 hand axe)
You hit the jelly.
Your hands burn!
* * * LOW HITPOINT WARNING * * *
The jelly is heavily wounded.
The jelly misses you.
Aiming: Paralyse
Press: ? - help, Shift-Dir - straight line, f/p - jelly
Aim: a jelly (heavily wounded, haloed, chance to affect: 57%)
The jelly resists with significant effort.
Your attacks no longer feel as feeble.
The jelly hits you but does no damage.
Aiming: Paralyse
Press: ? - help, Shift-Dir - straight line, f/p - jelly
Aim: a jelly (heavily wounded, haloed, chance to affect: 57%)
The jelly resists with significant effort.
The jelly hits you but does no damage.
Aiming: Paralyse
Press: ? - help, Shift-Dir - straight line, f/p - jelly
Aim: a jelly (heavily wounded, haloed, chance to affect: 57%)
The jelly suddenly stops moving!
Cleave: a) +0 hand axe
Press: ? - help, Dir - move target, f/p - jelly
Aim: a jelly (heavily wounded, paralysed, haloed, about 2% to evade your +0 hand axe)
The helpless jelly fails to defend itself.
You hit the jelly.
Your hands burn!
* * * LOW HITPOINT WARNING * * *
The jelly is heavily wounded.
Cleave: a) +0 hand axe
Press: ? - help, Dir - move target, f/p - jelly
Aim: a jelly (heavily wounded, paralysed, haloed, about 2% to evade your +0 hand axe)
The helpless jelly fails to defend itself.
You slash the jelly!
Your hands burn!
* * * LOW HITPOINT WARNING * * *
The jelly is almost dead.
Found an iron altar of Okawaru.
Throw: 13 stones
Press: ? - help, Shift-Dir - straight line, f/p - jelly
Aim: a jelly (almost dead, paralysed, 98% to hit)
You throw a stone.
The stone hits the jelly but does no damage.
The jelly is almost dead.
Throw: 12 stones
Press: ? - help, Q - select action, (/) - cycle Shift-Dir - straight line, f/p - jelly
Aim: a jelly (almost dead, paralysed, 98% to hit)
You throw a stone.
The stone hits the jelly but does no damage.
The jelly is almost dead.
The jelly is no longer paralysed.
Throw: 11 stones
Press: ? - help, Q - select action, (/) - cycle Shift-Dir - straight line, f/p - jelly
Aim: a jelly (almost dead, haloed, 97% to hit)
You throw a stone.
The stone hits the jelly but does no damage.
The jelly is almost dead.
Throw: 10 stones
Press: ? - help, Q - select action, (/) - cycle Shift-Dir - straight line, f/p - jelly
Aim: a jelly (almost dead, haloed, 97% to hit)
You throw a stone.
The stone hits the jelly but does no damage.
The jelly is almost dead.
Cleave: a) +0 hand axe
Press: ? - help, Dir - move target, f/p - jelly
Aim: a jelly (almost dead, haloed, about 3% to evade your +0 hand axe)
You hit the jelly.
You kill the jelly!
Search for what [? for help]?
Okay, then.
Found a bloodstained altar of Trog.
You are no longer corroded.
Found a glowing golden altar of the Shining One.
There is a glowing golden altar of the Shining One here.
You kneel at the altar of the Shining One.
The Shining One welcomes you!
You and your allies can now gain power from killing the unholy and evil.
You can now call upon the Shining One for a divine shield.
There is a staircase back to the Dungeon here.
You fail to use your ability.
Unknown command.
Your shield is strengthened by the Shining One's divine power.
You climb upwards.
Welcome back to the Dungeon!
The gnoll bouda barks out a call to the hunt!
The gnolls pick up the pace!
The gnoll hits you but does no damage. The gnoll barely misses you.
The gnoll hits you with a +0 club. The gnoll barely misses you.
There is a staircase to the Ecumenical Temple here.
The gnoll hits you but does no damage. The gnoll hits you with a +0 club.
The gnoll closely misses you.
The gnoll bouda gazes fiercely through you!
You feel your attacks grow feeble.
The shadow imp picks up a beetle and eats it.
The gnoll attacks as it pursues you! The gnoll hits you with a +0 club.
You barely miss the gnoll. The gnoll barely misses you.
The gnoll hits you but does no damage.
You hit the gnoll.
The gnoll is moderately wounded.
Your attacks no longer feel as feeble.
The gnoll hits you but does no damage.
You hit the gnoll.
The gnoll is heavily wounded.
The gnoll hits you with a +0 whip.
You hit the gnoll.
The gnoll is heavily wounded.
The gnoll hits you but does no damage.
You hit the gnoll.
The gnoll is almost dead.
The gnoll hits you but does no damage.
You hit the gnoll but do no damage.
The gnoll is almost dead.
The gnoll hits you with a +0 whip.
* * * LOW HITPOINT WARNING * * *
Cleave: a) +0 hand axe
Press: ? - help, Dir - move target, f - gnoll
Aim: a gnoll, wielding a +0 whip (almost dead, covering ground quickly, haloed, about 17% to evade your +0 hand axe)
You hit the gnoll.
You kill the gnoll!
The gnoll hits you but does no damage.
Cleave: a) +0 hand axe
Press: ? - help, Dir - move target, f - gnoll
Aim: a gnoll, wielding a +0 whip (covering ground quickly, haloed, about 17% to evade your +0 hand axe)
You hit the gnoll.
The gnoll is moderately wounded.
The shadow imp laughs crazily.
The gnoll hits you but does no damage.
Cleave: a) +0 hand axe
Press: ? - help, Dir - move target, f/p - gnoll
Aim: a gnoll, wielding a +0 whip (moderately wounded, covering ground quickly, haloed, about 17% to evade your +0 hand axe)
You hit the gnoll.
The gnoll is severely wounded.
The gnoll hits you but does no damage.
Cleave: a) +0 hand axe
Press: ? - help, Dir - move target, f/p - gnoll
Aim: a gnoll, wielding a +0 whip (severely wounded, covering ground quickly, haloed, about 17% to evade your +0 hand axe)
You hit the gnoll but do no damage.
The gnoll is severely wounded.
The shadow imp gestures at you. Pain shoots through your body!
* * * LOW HITPOINT WARNING * * *
The gnoll hits you with a +0 whip.
* * * LOW HITPOINT WARNING * * *
Cleave: a) +0 hand axe
Press: ? - help, Dir - move target, f/p - gnoll
Aim: a gnoll, wielding a +0 whip (severely wounded, covering ground quickly, haloed, about 17% to evade your +0 hand axe)
You hit the gnoll.
You kill the gnoll!
Cleave: a) +0 hand axe
Press: ? - help, Dir - move target, f - gnoll
Aim: a gnoll, wielding a +0 club (covering ground quickly, haloed, about 17% to evade your +0 hand axe)
You completely miss the gnoll. The gnoll closely misses you.
Cleave: a) +0 hand axe
Press: ? - help, Dir - move target, f/p - gnoll
Aim: a gnoll, wielding a +0 club (covering ground quickly, haloed, about 17% to evade your +0 hand axe)
You hit the gnoll.
The gnoll is lightly wounded.
The gnoll hits you but does no damage.
Cleave: a) +0 hand axe
Press: ? - help, Dir - move target, f/p - gnoll
Aim: a gnoll, wielding a +0 club (lightly wounded, covering ground quickly, haloed, about 17% to evade your +0 hand axe)
You hit the gnoll but do no damage.
The gnoll is lightly wounded.
The gnoll closely misses you.
Cleave: a) +0 hand axe
Press: ? - help, Dir - move target, f/p - gnoll
Aim: a gnoll, wielding a +0 club (lightly wounded, covering ground quickly, haloed, about 17% to evade your +0 hand axe)
You hit the gnoll.
The gnoll is heavily wounded.
The gnoll is no longer moving quickly.
The gnoll barely misses you.
The gnoll bouda barks out a call to the hunt!
The gnoll picks up the pace!
Cleave: a) +0 hand axe
Press: ? - help, Dir - move target, f/p - gnoll
Aim: a gnoll, wielding a +0 club (heavily wounded, covering ground quickly, haloed, about 17% to evade your +0 hand axe)
You hit the gnoll.
The gnoll is almost dead.
The gnoll is no longer moving quickly.
The gnoll hits you with a +0 club!
* * * LOW HITPOINT WARNING * * *
Cleave: a) +0 hand axe
Press: ? - help, Dir - move target, f/p - gnoll
Aim: a gnoll, wielding a +0 club (almost dead, haloed, about 17% to evade your +0 hand axe)
You hit the gnoll.
You kill the gnoll!
Throw: 9 stones
Press: ? - help, Q - select action, (/) - cycle Shift-Dir - straight line, f - gnoll bouda
Aim: a gnoll bouda, wielding a +0 club and wearing a +0 leather armour (60% to hit)
Okay, then.
Okay, then.
Okay, then.
Okay, then.
Press: ? - help, v - describe, . - travel
Here: a shadow imp The floor.
Press: ? - help, v - describe, . - travel
Here: a shadow imp The floor.
Unknown command.
Things that are here:
a +0 club; a gnoll corpse The gnoll barely misses you.
Cleave: a) +0 hand axe
Press: ? - help, Dir - move target, f - gnoll
Aim: a gnoll, wielding a +0 spear (covering ground quickly, haloed, about 17% to evade your +0 hand axe)
You barely miss the gnoll. The gnoll hits you but does no damage.
The gnoll bouda gazes fiercely through you!
You feel your attacks grow feeble.
Cleave: a) +0 hand axe
Press: ? - help, Dir - move target, f/p - gnoll
Aim: a gnoll, wielding a +0 spear (covering ground quickly, haloed, about 17% to evade your +0 hand axe)
You hit the gnoll.
The gnoll is lightly wounded.
Cleave: a) +0 hand axe
Press: ? - help, Dir - move target, f/p - gnoll
Aim: a gnoll, wielding a +0 spear (lightly wounded, covering ground quickly, haloed, about 17% to evade your +0 hand axe)
Okay, then.
Okay, then.
Cleave: a) +0 hand axe
Press: ? - help, Dir - move target, f/p - gnoll
Aim: a gnoll, wielding a +0 spear (lightly wounded, covering ground quickly, haloed, about 17% to evade your +0 hand axe)
You hit the gnoll.
The gnoll is moderately wounded.
You hit the gnoll bouda but do no damage.
The gnoll hits you with a +0 spear!
* * * LOW HITPOINT WARNING * * *
The gnoll bouda hits you with a +0 club.
The Shining One protects you from harm!
Cleave: a) +0 hand axe
Press: ? - help, Dir - move target, f/p - gnoll
Aim: a gnoll, wielding a +0 spear (moderately wounded, covering ground quickly, haloed, about 17% to evade your +0 hand axe)
You hit the gnoll.
The gnoll is heavily wounded.
You hit the shadow imp.
You hit the gnoll bouda but do no damage.
The gnoll hits you with a +0 spear.
* * * LOW HITPOINT WARNING * * *
The gnoll bouda hits you with a +0 club!
You die...

#...........##
#.#..#.##.#..#####
#.................. # #
#.......≈≈≈≈≈......
#.#.#.....≈≈≈≈≈≈≈≈≈....
#?..#...≈≈≈≈≈≈≈≈≈≈≈≈≈..
#....≈≈≈≈≈≈...≈≈≈≈≈≈.
#.$...).).>.≈≈≈≈≈≈.
#g@≈≈≈≈≈≈...≈≈≈≈≈≈.
#5g≈≈≈≈≈≈≈≈≈≈≈≈≈≈≈.
#...≈≈≈≈≈≈≈≈≈≈≈≈≈..
#.....≈≈≈≈≈≈≈≈≈....
#.......≈≈≈≈≈......
#..................
...>........#...#####
.............#...#
g.5..........#...#


You could see a gnoll bouda, a gnoll (swift) and a shadow imp.

Vanquished Creatures
  A jelly (Temple)
  7 gnolls
  3 adders (D:2)
  A dart slug (D:2)
  A ribbon worm (D:3)
  3 ball pythons
  A bat (D:2)
  5 endoplasms
  3 giant cockroaches
  2 goblins
  5 hobgoblins
  10 jackals
  2 quokkas
  A frilled lizard (D:1)
  6 kobolds
  A rat (D:3)
52 creatures vanquished.

Notes
Turn   | Place    | Note
-------+----------+-------------------------------------------
     0 | D:1      | jagoly the Gargoyle Monk began the quest for the Orb.
     0 | D:1      | Reached XP level 1. HP: 14/14 MP: 1/1
    54 | D:1      | Got the Treatise on Rot and Impulse
    69 | D:1      | Reached XP level 2. HP: 19/19 MP: 2/2
    75 | D:1      | Reached skill level 1 in Stealth
   176 | D:3      | Reached XP level 3. HP: 23/23 MP: 3/3
   264 | D:2      | Found a shadowy altar of Dithmenos.
   325 | D:2      | Reached XP level 4. HP: 29/29 MP: 4/4
   527 | D:3      | You fall into a shaft and drop 3 floors!
   529 | D:6      | Found a staircase to the Ecumenical Temple.
   558 | D:6      | Reached XP level 5. HP: 20/33 MP: 5/5
   563 | Temple   | Entered the Ecumenical Temple
   589 | Temple   | Became a worshipper of the Shining One
   589 | Temple   | Reached * piety under the Shining One
   589 | Temple   | Reached ** piety under the Shining One
   684 | D:6      | The Shining One protects you from harm!
   685 | D:6      | Slain by a gnoll bouda

Illustrated notes

Levels and vault maps discovered:
D:1:      shiori_arrival_maze, layout_loops_ring, serial_rivers,
          chequers_serial_rivers_large_a, chequers_serial_rivers_small_b,
          chequers_serial_rivers_marsh, chequers_serial_rivers_small_3
D:2:      layout_basic, basic_altar, uniq_jessica
D:3:      layout_basic
D:6:      layout_basic, nicolae_qazlal_style_of_elements,
          kennysheep_slug_shrine, temple_pool_b, biasface_ghost_orc_armoury,
          uniq_crazy_yiuf_cottage
Temple:   hellmonk_temple_flake

Skill      XL: |  1  2  3  4 |
---------------+-------------+-----
Axes           | 3 4 |  4.9
Stealth        | 1 2 |  2.0
Fighting       | 4 |  4.0
Dodging        | |  2.4

Action                     |  1- 3 |  4- 6 || total
---------------------------+-------+-------++-------
  Melee: Hand axe          |    68 |    84 ||   152
  Throw: Stone             |       |     4 ||     4
 Invoke: Divine Shield     |       |     1 ||     1
  Evoke: Wand              |       |     3 ||     3
   Stab: Sleeping          |       |     1 ||     1
         Paralysed         |       |     2 ||     2
 Armour: Robe              |    32 |    56 ||    88
  Dodge: Dodged            |    72 |    52 ||   124
